AoeStats
← b站江条

Arabia

506597217Analyzed
1v1 RM · 18d ago on Sep 14, 2026· 22m 11s· 2 players
Game mode
Random Map
Map size
Tiny (2 player)
Population
200
Speed
Normal
Resources
Standard
Victory
Conquest
Starting age
Dark Age
Ending age
Imperial Age
RankedLock teamsTeams togetherTeam positionsShared explorationLock speedFull tech treeHidden civsTurbo modeCheats
Victory
Defeat
🇨🇳 Maya · China
1389
+16
🇫🇷 Maya · France
1389
-16
PikaKhan
0:26 Loom
9:11 Feudal Age
9:23 Man-at-Arms
16:53 Arson
17:42 Fletching
b站江条
0:25 Loom
9:13 Feudal Age
10:13 Double-Bit Axe
15:51 Fletching
16:23 Horse Collar
21:56 Castle Age
21:20 Padded Archer Armor
21:24 Gold Mining
22:04 Crossbowman
Connection lost

Rejoining the realm…

Still unreachable

The connection could not be restored.

Session expired

The server has moved on; the page needs a fresh start.